 Dungeon Crawl Stone Soup version 0.28.0-45-g0d030f2227 (webtiles) character file.

Game seed: 12845107432418884704

23 pkoi the Skirmisher (level 2, 0/24 (25) HPs)
             Began as a Demigod Fighter on Apr 11, 2022.
             Slain by Robin
             ... wielding a +6 whip of draining
              (1 damage)
             ... on level 2 of the Dungeon.
             The game lasted 00:01:16 (317 turns).

pkoi the Skirmisher (Demigod Fighter)                Turns: 317, Time: 00:01:17

HP:   0/24 (25)     AC:  6    Str: 17    XL:     2   Next: 54%
MP:   4/4           EV:  9    Int: 10    God:
Gold: 22            SH:  4    Dex: 13    Spells: 1/1 levels left

rFire   . . .      SeeInvis .   a - +0 rapier
rCold   . . .      Faith    .   c - +0 buckler
rNeg    . . .      Spirit   .   b - +0 scale mail
rPois   +          Reflect  .   (no helmet)
rElec   .          Harm     .   (no cloak)
rCorr   .          Rampage  .   (no gloves)
Will    .....                   (no boots)
Stlth   ..........              (no amulet)
HPRegen 0.08/turn               e - ring of poison resistance
MPRegen 0.09/turn               (no ring)

@: lightly drained
A: high MP 1, forlorn, divine attributes
a: no special abilities


You were on level 2 of the Dungeon.
You visited 1 branch of the dungeon, and saw 2 of its levels.

You collected 22 gold pieces.

Inventory:

Hand Weapons
 a - a +0 rapier (weapon)
Armour
 b - a +0 scale mail (worn)
 c - a +0 buckler (worn)
Jewellery
 e - a ring of poison resistance (left hand)
Scrolls
 f - a scroll of identify {unknown}
 h - a scroll of blinking {unknown}
Potions
 d - a potion of might
 g - a potion of curing {unknown}


   Skills:
 + Level 2.9 Fighting
 + Level 2.0 Short Blades
 + Level 2.9 Armour
 + Level 0.7 Dodging
 + Level 2.9 Shields


You had one spell level left.
You didn't know any spells.
Your spell library was empty.

Dungeon Overview and Level Annotations

Branches:
Dungeon (1/15)

Annotations:
D:2 Robin


Innate Abilities, Weirdness & Mutations

You have an increased reservoir of magic. (+10% MP)
You shall have no god before yourself.
Your divine heritage dramatically boosts your attributes as you level up.


Message History

You completely miss the hobgoblin.
The hobgoblin is severely wounded.
The hobgoblin barely misses you. The goblin hits you with a +0 club.
* * * LOW HITPOINT WARNING * * *
Robin roars a battlecry!
The hobgoblin goes into a battle-frenzy!
You block the goblin's attack.
The goblin no longer looks unusually strong.
The goblin closely misses you. Robin throws the goblin at you!
The goblin hits you with a +0 club.
* * * LOW HITPOINT WARNING * * *
The goblin hits you but does no damage.
Robin roars a battlecry!
The goblin goes into a battle-frenzy!
The hobgoblin no longer looks unusually strong.
Robin roars a battlecry!
The hobgoblin goes into a battle-frenzy!
The goblin unwields a +0 club.
The goblin wields a +0 hunting sling.
The goblin shoots a stone.
You block the stone.
You hit the hobgoblin.
The hobgoblin is severely wounded.
The hobgoblin hits you but does no damage.
You hit the hobgoblin.
You kill the hobgoblin!
The goblin shoots a stone.
The stone barely misses you.
The goblin unwields a +0 hunting sling.
The goblin wields a +0 club.
The goblin hits you but does no damage.
You see here a hobgoblin corpse.
You barely miss the goblin. The goblin hits you but does no damage.
You miss the goblin. Robin throws the goblin at you!
The goblin hits you but does no damage. Robin barely misses you.
The goblin unwields a +0 club.
The goblin wields a +0 hunting sling.
The goblin shoots a stone.
You block the stone.
You hit Robin.
Robin is lightly wounded.
Robin hits you with a +6 whip of draining.
* * * LOW HITPOINT WARNING * * *
You feel drained.
You die...

#..............##.
#..#######........
#..# #.###.####
#..#######.#.#.....
####..................
........##.##.#.#####.
#####g##.##.#.# ..#
#†##.##.#.....
#@##.##.#...
#g##.##.#.#####
#..............
#..#...........
#..##########..
#..........
##.######## #.......#
#..####.# ..


You could see Robin and a goblin (strong).

Vanquished Creatures
  2 ball pythons (D:1)
  2 bats (D:2)
  A giant cockroach (D:2)
  6 goblins (D:2)
  2 hobgoblins (D:2)
  2 quokkas
  A frilled lizard (D:1)
  3 rats
19 creatures vanquished.

Notes
Turn   | Place    | Note
-------+----------+-------------------------------------------
     0 | D:1      | pkoi the Demigod Fighter began the quest for the Orb.
     0 | D:1      | Reached XP level 1. HP: 18/18 MP: 3/3
   160 | D:1      | You fall into a shaft and drop 1 floor!
   251 | D:2      | Reached XP level 2. HP: 25/25 MP: 4/4
   257 | D:2      | Noticed Robin
   317 | D:2      | HP: 1/25 [Robin/+6 whip of draining (3)]
   317 | D:2      | Slain by Robin

Illustrated notes

Levels and vault maps discovered:
D:1:      lightli_molten_gateway, layout_basic, serial_forest,
          infiniplex_forest_clump_small, infiniplex_forest_straight_2,
          infiniplex_forest_corner_1, infiniplex_forest_end_2,
          infiniplex_forest_straight_3, infiniplex_forest_lined_room_2
D:2:      layout_basic, ebering_ecumenical_altar_sacrificial, basic_altar,
          uniq_robin

Skill      XL: |  1  2 |
---------------+-------+-----
Short Blades   | 2 |  2.0
Fighting       | |  2.9
Armour         | |  2.9
Dodging        | |  0.7
Shields        | |  2.9

Action                   || total
-------------------------++-------
Melee: Rapier            ||    47
Armor: Scale mail        ||    20
Dodge: Dodged            ||    30
Block: Buckler           ||    11
